 Seeded DCSS version 0.30-a0-377-g5cb311bc9f (webtiles) character file.

Game seed: 17053918465477515074 (custom seed)

420 innerfire433 the Shield-Bearer (level 6, -8/47 HPs)
             Began as a Demonspawn Wanderer on Nov 27, 2022.
             Was a Follower of Ashenzari.
             Mangled by an ogre
             ... wielding a +0 giant club
              (13 damage)
             ... on level 4 of the Dungeon.
             The game lasted 00:18:24 (4924 turns).

innerfire433 the Shield-Bearer (DsWn)               Turns: 4924, Time: 00:18:25

Health: -8/47      AC:  9    Str: 15    XL:     6   Next: 62%
Magic:  6/6        EV:  7    Int: 12    God:    Ashenzari [*.....]
Gold:   132        SH: 11    Dex: 13    Spells: 5/5 levels left

rFire   + . .      SeeInvis .    b - staff of air
rCold   + . .      Faith    .    q - +2 kite shield
rNeg    . . .      Spirit   .    i - +0 scale mail
rPois   +          Reflect  .    k - +0 helmet
rElec   +          Harm     .    (no cloak)
rCorr   +          Rampage  .    l - +0 pair of gloves of the Wild Blue Yonder {Slay+3, Fort, Alch} (curse)
Will    .....                    p - +0 pair of boots of the All-seeing Shame {Evo, Self} (curse)
Stlth   ..........               (no amulet)
HPRegen 0.27/turn                (no ring)
MPRegen 0.10/turn                (no ring)

@: resistant
A: hooves 1, powered by pain 1
a: Renounce Religion, Curse Item, Shatter the Chains


You were on level 4 of the Dungeon.
You worshipped Ashenzari.
Ashenzari was aware of your devotion.
You visited 1 branch of the dungeon, and saw 4 of its levels.

You collected 195 gold pieces.
You spent 63 gold pieces at shops.

Inventory:

Hand Weapons
 a - a +3 vorpal shortbow
 t - a +0 hand axe
 u - a +2 flail of protection
 y - a +1 dagger of pain
Armour
 c - a +0 buckler
 e - a +0 leather armour
 i - a +0 scale mail (worn)
 j - a +2 robe of positive energy
 k - a +0 helmet (worn)
 l - the cursed +0 pair of gloves of the Wild Blue Yonder (worn) {Slay+3, Fort, Alch}
   (You found it on level 2 of the Dungeon)

   Slay:      It affects your accuracy & damage with ranged weapons and melee
   (+3).
   It has a curse which improves the following skills: Fortitude: Armour and
   Shields.
   Alchemy:   Poison Magic and Transmutations.
 p - the cursed +0 pair of boots of the All-seeing Shame (worn) {Evo, Self}
   (You found it on level 2 of the Dungeon)

   It has a curse which improves the following skills: Evocations: Evocations.
   Introspection: Fighting and Spellcasting.
 q - a +2 kite shield (worn)
Magical Staves
 b - a staff of air (weapon)
Scrolls
 d - a scroll of fog
 h - a scroll of magic mapping
 n - 4 scrolls of identify
 o - 3 scrolls of vulnerability
 v - a scroll of amnesia
Potions
 f - a potion of flight
 m - a potion of mutation
 r - a potion of degeneration


   Skills:
 - Level 2.6(3.3) Fighting
 - Level 1.7(2.0) Axes
 - Level 1.2(2.5) Polearms
 * Level 2.7(2.9) Staves
 - Level 1.2(1.7) Armour
 + Level 3.7(4.5) Shields
 - Level 2.6 Unarmed Combat
 * Level 2.5 Air Magic
 + Level 2.7(3.4) Evocations


You had 5 spell levels left.
You didn't know any spells.
Your spell library was empty.

Dungeon Overview and Level Annotations

Branches:
Dungeon (4/15)
 Temple: D:4-7

Altars:
Ashenzari
Yredelemnul

Shops:
D:1 [

Annotations:
D:4 Dowan, Duvessa, Edmund


Innate Abilities, Weirdness & Mutations

You have large cloven feet.
You sometimes gain a little power by taking damage.


Message History

Edmund is moderately wounded.
The goblin hits you but does no damage. Edmund hits you with a +1 vorpal flail.
You hit Edmund but do no damage.
Edmund is moderately wounded.
Edmund hits you with a +1 vorpal flail. The goblin hits you with a +0 dagger.
* * * LOW HITPOINT WARNING * * *
You closely miss Edmund.
Edmund is moderately wounded.
Edmund barely misses you.
The goblin hits you but does no damage. x2
You block Edmund's attack.
You barely miss Edmund.
Edmund is moderately wounded.
The goblin hits you but does no damage. Edmund hits you but does no damage.
You closely miss Edmund.
Edmund is moderately wounded.
Edmund closely misses you. The goblin hits you with a +0 dagger.
* * * LOW HITPOINT WARNING * * *
As you read the scroll of fear, it crumbles to dust.
You assume a fearsome visage.
Edmund looks frightened!
The goblin looks frightened!
Edmund cries, "Oh nooooooo!"
The ogre shouts!
An ogre is nearby!
You are too injured to fight recklessly!
You are too injured to fight recklessly!
You hit the ogre.
The ogre is lightly wounded.
The ogre hits you with a +0 giant club!!
* * * LOW HITPOINT WARNING * * *
You are too injured to fight recklessly!
You are too injured to fight recklessly!
You are too injured to fight recklessly!
You feel protected. You block the ogre's attack.
You hit the ogre.
The ogre is moderately wounded.
You hit the ogre.
The ogre is heavily wounded.
The ogre hits you with a +0 giant club!
You die...

### ### ####### #.####
###########.## ##......
#....## #............#
#.......
###...####............#
#...<...
##....###.........).#
#.......
##.....##..........#
#.......
##.....)#..O@...###
#.......
##......##...###
#....... ##........###
#....... ##...)...#
#....... # ##.....##
#....<.. # ##....#
#....... # ##..##
#....... ## ##.#
#....... .# #..#
###....###


You could see an ogre.

Vanquished Creatures
  Blork the orc (D:4)
  A scorpion (D:4)
  An orc priest (D:4)
  Jessica (D:2)
  An orc wizard (D:4)
  Natasha (thrice) (D:1)
  Robin (D:1)
  2 adders (D:3)
  5 worms
  5 orcs
  2 bats
  6 endoplasms
  4 giant cockroaches
  9 goblins
  7 hobgoblins
  13 jackals
  5 quokkas
  3 ball pythons
  4 frilled lizards
  11 kobolds
  3 rats
88 creatures vanquished.

Notes
Turn   | Place    | Note
-------+----------+-------------------------------------------
     0 | D:1      | innerfire433 the Demonspawn Wanderer began the quest for
                  | the Orb.
     0 | D:1      | innerfire433 set off with the following items: a +0 hand
                  | axe, 2 scrolls of blinking, a +0 buckler, a scroll of fog,
                  | a +0 leather armour.
     0 | D:1      | Reached XP level 1. HP: 16/16 MP: 1/1
   141 | D:1      | Gained mutation: You have large cloven feet. [demonic
                  | ancestry]
   141 | D:1      | Reached XP level 2. HP: 4/22 MP: 2/2
   224 | D:1      | Found a faded altar of an unknown god.
   231 | D:1      | Reached skill level 3 in Shields
   281 | D:1      | Reached skill level 1 in Polearms
   758 | D:1      | Found Puum's Armour Boutique.
   944 | D:1      | Reached XP level 3. HP: 27/27 MP: 3/3
   946 | D:2      | Noticed Robin
   964 | D:1      | Killed Robin
  1083 | D:2      | Noticed Natasha
  1097 | D:1      | Killed Natasha
  1098 | D:1      | Reached skill level 1 in Staves
  1098 | D:1      | Reached skill level 1 in Evocations
  1098 | D:1      | Reached XP level 4. HP: 33/33 MP: 4/4
  1162 | D:2      | Identified the +0 pair of gloves of Lifelessness {Slay+3}
  1331 | D:2      | Reached skill level 1 in Air Magic
  1338 | D:2      | Noticed Jessica
  1376 | D:1      | Noticed Natasha
  1385 | D:1      | Killed Natasha
  1686 | D:1      | Prayed at the altar of an unknown god.
  1686 | D:1      | Became a worshipper of Ashenzari the Shackled
  1859 | D:1      | Noticed Natasha
  1872 | D:1      | Killed Natasha
  1873 | D:1      | Gained mutation: You sometimes gain a little power by
                  | taking damage. [demonic ancestry]
  1873 | D:1      | Reached XP level 5. HP: 3/38 MP: 5/5
  2019 | D:1      | Bought a +0 kite shield for 63 gold pieces
  2320 | D:2      | Killed Jessica
  2923 | D:3      | Found a basalt altar of Yredelemnul.
  2965 | D:3      | Found a broken altar of Ashenzari.
  3067 | D:3      | Reached * piety under Ashenzari
  3067 | D:3      | Identified a scroll of acquirement
  3823 | D:4      | Acquired a +2 vorpal shortbow
  3877 | D:4      | Reached skill level 1 in Armour
  3877 | D:4      | Reached XP level 6. HP: 9/47 MP: 6/6
  4142 | D:4      | Noticed Duvessa
  4143 | D:4      | Noticed Dowan
  4598 | D:4      | Noticed Blork the orc
  4615 | D:4      | HP: 2/47 [Blork the orc/+0 halberd (1)]
  4616 | D:4      | Killed Blork the orc
  4864 | D:4      | Noticed Edmund
  4924 | D:4      | Mangled by an ogre

Illustrated notes

Levels and vault maps discovered:
D:1:      dpeg_arrival_arbitrary_c, layout_basic,
          chequers_ecumenical_altar_island, serial_shops, nicolae_square_shop
D:2:      layout_rooms, uniq_natasha, uniq_robin, uniq_jessica
D:3:      minmay_skewed_foursquare, layout_loops_ring,
          cheibrodos_ashenzari_chains, mainiacjoe_overflow_catwalk,
          corexii_shack, kennysheep_potato
D:4:      old_forge, layout_cave_pods, minmay_temple_entry_mini_moons,
          uniq_edmund, uniq_blork_the_orc, uniq_duvessa

Skill      XL: |  1  2  3  4  5 |
---------------+----------------+-----
Shields        | 3 |  3.7
Polearms       | 1 |  1.2
Staves         | 1 2 |  2.7
Evocations     | 1 2 |  2.7
Air Magic      | 1 2 |  2.5
Armour         | 1 |  1.2
Fighting       | |  2.6
Axes           | |  1.7
Unarmed Combat | |  2.6

Action                   |  1- 3 |  4- 6 || total
-------------------------+-------+-------++-------
Melee: Hand axe          |    68 |       ||    68
       Kick              |    16 |    12 ||    28
       Staff             |    37 |   305 ||   342
Invok: Curse Item        |       |     2 ||     2
  Use: Scroll            |       |    10 ||    10
       Potion            |       |     4 ||     4
Armor: Leather armour    |    11 |       ||    11
       Scale mail        |    14 |   114 ||   128
Dodge: Dodged            |    70 |    73 ||   143
Block: Buckler           |    25 |     8 ||    33
       Kite shield       |       |   108 ||   108

Table legend: (Time is in decaauts)
 A = Elapsed time spent in this place.
 B = Non-inter-level travel time spent in this place.
 C = Inter-level travel time spent in this place.
 D = Time resting spent in this place.
 E = Time spent auto-exploring this place.
 F = Levels seen in this place.
 G = Mean time per level.
                   A        B        C        D        E       F      G
               +--------+--------+--------+--------+--------+-----+--------+
         Total |   5027 |   4218 |    809 |      0 |   3133 |   4 | 1256.8 |
       Dungeon |   5027 |   4218 |    809 |      0 |   3133 |   4 | 1256.8 |
               +--------+--------+--------+--------+--------+-----+--------+

Top non-repeatable levels by time:
     D:1: 2079 daAuts
     D:3: 1176 daAuts
     D:4: 1066 daAuts
     D:2: 705 daAuts
